 Dungeon Crawl Stone Soup version 0.32-a0-732-ga344392067 (webtiles) character file.

Game seed: 12324371532754827221

6733 smashvw the Protected (level 10, -9/93 HPs)
             Began as a Minotaur Fighter on Mar 17, 2024.
             Was an Initiate of Gozag.
             Killed from afar by Erica (23 damage)
             ... with a bolt of poison
             ... on level 9 of the Dungeon.
             The game lasted 00:24:35 (8129 turns).

smashvw the Protected (Minotaur Fighter)            Turns: 8129, Time: 00:24:36

Health: -9/93      AC: 27    Str: 28    XL:     10   Next: 75%
Magic:  9/9        EV:  9    Int:  9    God:    Gozag
Gold:   2181       SH:  8    Dex: 10    Spells: 9/9 levels left

rFire   . . .        B - +9 hand axe "Neurgh" {protect, Str+3 Int+4}
rCold   . . .        H - +2 buckler
rNeg    . . .        P - +0 crystal plate armour
rPois   .            (helmet restricted)
rElec   +            R - +4 cloak "Iwairar" {rElec}
rCorr   .            n - +0 pair of gloves
SInv    .            (no boots)
Will    .....        (no amulet) Stlth
                     e - +5 ring of evasion
HPRegen 0.35/turn    (no ring)
MPRegen 0.11/turn

%: no passive effects
@: lethally poisoned (-9 -> -46), about to teleport, gold aura
A: horns 2, retaliatory headbutt
a: Renounce Religion, Potion Petition, Call Merchant, Bribe Branch


You were on level 9 of the Dungeon.
You worshipped Gozag.
Gozag was most pleased with you.
You visited 1 branch of the dungeon, and saw 9 of its levels.
You also visited: Bailey.

You collected 2216 gold pieces.
You paid 35 gold pieces to Gozag.

Inventory:

Hand Weapons
 a - a +0 war axe
 B - the +9 hand axe "Neurgh" (weapon) {protect, Str+3 Int+4}
   (You found it on level 6 of the Dungeon)

   Str+3:     It affects your strength (+3).
   Int+4:     It affects your intelligence (+4).
Missiles
 o - 98 stones
 D - 13 boomerangs
 F - 12 poisoned darts
 G - 9 throwing nets
Armour
 n - a +0 pair of gloves (worn)
 q - a +0 plate armour
 s - a +0 cloak
 H - a +2 buckler (worn)
 P - a +0 crystal plate armour (worn)
 R - the +4 cloak "Iwairar" (worn) {rElec}
   (You found it in a bailey)

   rElec:     It insulates you from electricity.
Jewellery
 c - a ring of positive energy
 e - a +5 ring of evasion (left hand)
 g - a ring of fire
 i - a ring of ice
 k - a ring of protection from cold
Wands
 t - a wand of light (3)
 v - a wand of flame (15) (quivered)
 M - a wand of charming (1)
 N - a wand of warping (3)
Scrolls
 b - 2 scrolls of blinking
 f - 5 scrolls of immolation
 h - a scroll of fear
 j - a scroll of silence
 m - 7 scrolls of teleportation
 p - a scroll of acquirement {unknown}
 w - a scroll of revelation {unknown}
 y - a scroll of enchant armour {unknown}
 C - a scroll of fog
 E - a scroll of noise
 I - a scroll of vulnerability
 J - a scroll of identify
 O - a scroll of poison {unknown}
Potions
 d - a potion of might
 l - 2 potions of curing
 r - a potion of berserk rage
 u - a potion of resistance
 x - 2 potions of attraction {unknown}
 z - 4 potions of brilliance {unknown}
 A - a potion of heal wounds
 K - a potion of enlightenment {unknown}
 L - a potion of invisibility {unknown}
Miscellaneous
 Q - a lightning rod (4/4)


   Skills:
 - Level 10.0 Fighting
 + Level 10.5 Axes
 + Level 10.8 Armour
 - Level 10.0 Shields
 + Level 2.3 Evocations


You had 9 spell levels left.
You didn't know any spells.
Your spell library contained the following spells:

 Spells                   Type           Power      Damage    Failure   Level
 Freeze                   Ice            0%         1d3       100%        1
 Sandblast                Erth           0%         2d4       100%        1
 Frozen Ramparts          Ice            0%         1d1       100%        3
 Hailstorm                Conj/Ice       0%         3d5       100%        3
 Stone Arrow              Conj/Erth      0%         3d7       100%        3
 Summon Ice Beast         Ice/Summ       0%         N/A       100%        3
 Animate Armour           Summ/Erth      0%         N/A       100%        4
 Brom's Barrelling Bould  Conj/Erth      0%         2d3       100%        4
 Vhi's Electric Charge    Tloc/Air       0%         N/A       100%        4
 Arcjolt                  Conj/Air       0%         1d10      100%        5
 Permafrost Eruption      Ice/Erth       0%         2x4d2     100%        6
 Plasma Beam              Fire/Air       0%         2x1d10    100%        6
 Sculpt Simulacrum        Ice/Alch       0%         N/A       100%        6
 Lehudib's Crystal Spear  Conj/Erth      0%         10d2      100%        8


Dungeon Overview and Level Annotations

Branches:
Dungeon (9/15)             Temple (0/1) D:6          Bailey (visited)
   Lair: D:8-11         Orc: D:9-12

Altars:
Ashenzari
Elyvilon
Gozag
Kikubaaqudgha
Makhleb
Nemelex Xobeh
Okawaru
Qazlal
Ru
Sif Muna
Uskayaw
Yredelemnul
Zin
The Shining One
Lugonu

Shops:
D:2 (

Portals:
Abyss: D:4

Annotations:
D:4 2 runed translucent doors
D:9 Erica


Innate Abilities, Weirdness & Mutations

You have a pair of horns on your head.
You reflexively headbutt those who attack you in melee.


Message History

Okay, then.
Press: ? - help, v - describe, . - travel Some deep water.
Why would you want to do that? Why would you want to do that?
Okay, then.
Unknown command.
You barely miss the goblin. You closely miss something.
Something hits you but does no damage.
You are constricted.
You hit the goblin.
Your weapon exudes an aura of protection.
You kill the goblin!
You barely miss something. You block something's attack.
You are constricted.
Why would you want to do that?
You escape Erica's grasp.
Press: ? - help, v - describe, . - travel Some deep water.
Unknown command.
You hear some strange, mumbled words.
A bolt of poison appears from out of thin air!
The bolt of poison hits you but does no damage.
You are poisoned.
Okay, then.
As you read the scroll labelled EZXOGU EZAU, it crumbles to dust.
The creatures around you are filled with an inner flame!
It was a scroll of immolation.
* * * LOW HITPOINT WARNING * * *
You feel very sick.
Okay, then.
As you read the scroll labelled HUARAP UGOMNUI, it crumbles to dust.
You feel strangely unstable.
It was a scroll of teleportation.
You feel very sick.
Okay, then.
You feel very sick.
You hear some strange, mumbled words.
A bolt of poison appears from out of thin air!
The bolt of poison hits you!!
You are lethally poisoned!
You die...
Your body crumbles into a pile of gold.

....).........
#...........................
..#......................#....
.............................#
...#...............##........
##..........)......###...###.
.#................#..##.......
<....≈≈~≈≈$.......#.......#..#
.....≈...≈.{.@.....#.....##..#
#....~.∩>$.###....##....###.##
...#.≈...≈.# ....###.###....#
.....≈≈~≈≈.###....##..##.....#
...........##..........#..##..
.....#..........##.....#..##..
...............#####.....####.
......(........# ##.....#...
..............## ##.....#...


There were no monsters in sight!

Vanquished Creatures
  A two-headed ogre (D:8)
  An unseen horror zombie (D:7)
  A wyvern (D:9)
  2 water moccasins
  2 ice beasts
  2 sky beasts (D:7)
  3 orc warriors
  A black bear (D:7)
  3 ogres
  2 centaurs
  8 wolves
  2 phantoms (D:7)
  A kobold brigand (D:7)
  2 bullfrogs
  11 gnoll sergeants
  A scorpion (D:6)
  A wyvern zombie (D:7)
  5 wights (D:7)
  11 killer bees
  2 howler monkeys (D:9)
  3 electric eels (D:7)
  A jelly (D:5)
  A bombardier beetle (D:6)
  8 gnoll boudas
  3 orc priests
  6 hounds
  2 sleepcaps
  8 iguanas
  Ijyb (D:3)
  8 orc wizards
  39 gnolls
  8 adders
  4 white imps
  2 dart slugs
  2 ribbon worms
  16 orcs
  10 ball pythons
  7 endoplasms
  A giant cockroach (D:2)
  8 goblins
  7 hobgoblins
  3 jackals (D:7)
  9 kobolds
  4 quokkas
  4 bats
  15 frilled lizards
  4 rats
246 creatures vanquished.

Vanquished Creatures (others)
  An orc wizard (D:8)
1 creature vanquished.

Grand Total: 247 creatures vanquished

Notes
Turn   | Place    | Note
-------+----------+-------------------------------------------
     0 | D:1      | smashvw the Minotaur Fighter began the quest for the Orb.
     0 | D:1      | Reached XP level 1. HP: 19/19 MP: 0/0
   328 | D:1      | Reached XP level 2. HP: 27/27 MP: 1/1
  1415 | D:2      | Reached XP level 3. HP: 30/33 MP: 2/2
  1639 | D:2      | Found Saylaem's Weapon Shop.
  1935 | D:3      | Found a faded altar of an unknown god.
  1935 | D:3      | Found a sacrificial altar of Ru.
  1944 | D:3      | Found a faded altar of an unknown god.
  1946 | D:3      | Found an opulent altar of Gozag.
  1948 | D:3      | Found a broken altar of Ashenzari.
  2097 | D:3      | Became a worshipper of Gozag Ym Sagoz the Greedy
  2179 | D:3      | Found a stormy altar of Qazlal.
  2292 | D:3      | Reached XP level 4. HP: 30/41 MP: 3/3
  2507 | D:3      | Noticed Ijyb
  2514 | D:3      | Killed Ijyb
  2855 | D:4      | Reached XP level 5. HP: 47/47 MP: 4/4
  2855 | D:4      | Noticed an ice beast
  2867 | D:4      | Killed an ice beast
  2868 | D:4      | Reached skill level 5 in Fighting
  2868 | D:4      | Reached skill level 5 in Armour
  2868 | D:4      | Reached skill level 5 in Shields
  2911 | D:4      | Reached XP level 6. HP: 56/56 MP: 5/5
  2987 | D:4      | Found a large runed translucent door.
  2987 | D:4      | Found a large runed translucent door.
  2988 | D:4      | Found a corrupted altar of Lugonu.
  3009 | D:4      | Found a one-way gate to the infinite horrors of the Abyss.
  3338 | D:5      | Entered Level 5 of the Dungeon
  3547 | D:5      | Reached skill level 5 in Axes
  3548 | D:5      | Reached XP level 7. HP: 25/62 MP: 6/6
  4290 | D:6      | Found an iron altar of Okawaru.
  4299 | D:6      | Identified the +9 hand axe "Neurgh" {protect, Str+3 Int+4}
  4416 | D:6      | Found a staircase to the Ecumenical Temple.
  4464 | D:6      | Reached XP level 8. HP: 70/71 MP: 7/7
  5114 | D:7      | Found a sparkling altar of Nemelex Xobeh.
  5214 | D:7      | Reached XP level 9. HP: 52/81 MP: 8/8
  5897 | D:7      | Found an ancient bone altar of Kikubaaqudgha.
  6124 | D:7      | Found a basalt altar of Yredelemnul.
  6229 | D:8      | Identified the +3 dire flail "Rukecles" {freeze, rF+ Will+
                  | Str-5 Dex+4}
  6480 | D:8      | Reached XP level 10. HP: 91/91 MP: 9/9
  6714 | D:8      | Found a hide-covered altar of Uskayaw.
  6764 | D:8      | Found a burning altar of Makhleb.
  6921 | D:8      | Found a glowing golden altar of the Shining One.
  6921 | D:8      | Found a glowing silver altar of Zin.
  6921 | D:8      | Found a white marble altar of Elyvilon.
  6936 | D:9      | Noticed a two-headed ogre
  6950 | D:8      | Killed a two-headed ogre
  7081 | D:9      | Reached skill level 10 in Fighting
  7118 | D:9      | Reached skill level 10 in Armour
  7118 | D:9      | Reached skill level 10 in Shields
  7223 | D:9      | Found a shimmering blue altar of Sif Muna.
  7292 | D:9      | Found a flagged portal.
  7301 | D:9      | Noticed Erica
  7304 | Bailey   | Entered a bailey
  7471 | Bailey   | Reached skill level 10 in Axes
  7603 | Bailey   | Reached skill level 1 in Evocations
  7776 | Bailey   | Identified the +3 war axe "Pixkaud" {flame, *Rage Fly rN++
                  | Str+3}
  7945 | Bailey   | Identified the +4 cloak "Iwairar" {rElec}
  8129 | D:9      | Killed from afar by Erica

Illustrated notes

Levels and vault maps discovered:
D:1:      dpeg_arrival_court, layout_basic, corexii_item_surrounded_by_moat,
          dk_noncrumbling_2
D:2:      layout_basic, serial_shops, nicolae_shop_tiny_waterfront
D:3:      layout_basic, mainiacjoe_overflow_catwalk,
          chequers_temple_overflow_minitemple, minivault_23, uniq_ijyb
D:4:      due_chaos_kobolds, layout_basic, hex_medium, minmay_box_of_dots
D:5:      layout_basic
D:6:      layout_loops_ring, okawaru_gym_becter, minmay_temple_entry_trees,
          serial_park_tiny_pond, minmay_lizard_king
D:7:      layout_cave_pools, nemelex_xobeh_ov_fountains_minmay,
          lemuel_zombie_altar_yredelemnul, mainiacjoe_overflow_chevrons,
          serial_gnoll_camp, gnoll_camp_mini_hut, gnoll_camp_mini_hut,
          gnoll_camp_mini_doghouse, gnoll_camp_huts_moat, gnoll_camp_mini_hut
D:8:      layout_cave_pools, good_gods_mini_temple,
          mainiacjoe_overflow_tiny_flanked, bloody_makhleb,
          minmay_misc_feat_ornament
D:9:      layout_cave_pools, overflow_temple_1_default, enter_bailey_5,
          nrook_pool_corridor, lightli_wizard_tower, uniq_erica

Skill      XL: |  1  2  3  4  5  6  7  8  9 10 |
---------------+-------------------------------+-----
Fighting       | 4 5 6 8 9 10 | 10.0
Armour         | 4 5 6 7 9 10 | 10.8
Shields        | 4 5 6 7 9 10 | 10.0
Axes           | 3 4 5 6 7 9 10 | 10.5
Evocations     | 2 |  2.3

Action                     |  1- 3 |  4- 6 |  7- 9 | 10-12 || total
---------------------------+-------+-------+-------+-------++-------
  Melee: War axe           |    80 |    75 |    47 |       ||   202
         Headbutt          |    12 |    20 |    40 |    29 ||   101
         Hand axe          |       |       |   205 |   162 ||   367
  Evoke: Wand              |       |       |     6 |     3 ||     9
    Use: Scroll            |       |       |    10 |     2 ||    12
         Potion            |       |       |       |     1 ||     1
   Stab: Distracted        |       |     2 |     2 |       ||     4
 Armour: Scale mail        |    41 |       |       |       ||    41
         Plate armour      |       |    35 |   200 |   111 ||   346
         Crystal plate arm |       |       |       |    26 ||    26
  Dodge: Dodged            |    45 |    42 |   139 |    85 ||   311
  Block: Buckler           |    10 |    13 |    77 |   105 ||   205

Table legend: (Time is in decaauts)
 A = Elapsed time spent in this place.
 B = Non-inter-level travel time spent in this place.
 C = Inter-level travel time spent in this place.
 D = Time resting spent in this place.
 E = Time spent auto-exploring this place.
 F = Levels seen in this place.
 G = Mean time per level.
                   A        B        C        D        E       F      G
               +--------+--------+--------+--------+--------+-----+--------+
         Total |   8155 |   7883 |    272 |    187 |   6192 |  10 |  815.5 |
       Dungeon |   7370 |   7098 |    272 |    187 |   5606 |   9 |  818.9 |
        Bailey |    785 |    785 |      0 |      0 |    586 |   1 |  785.0 |
               +--------+--------+--------+--------+--------+-----+--------+

Top non-repeatable levels by time:
     D:7: 1191 daAuts
     D:1: 1151 daAuts
     D:6: 1020 daAuts
     D:3: 960 daAuts
     D:8: 829 daAuts
  Bailey: 785 daAuts
     D:2: 697 daAuts
     D:5: 678 daAuts
     D:4: 579 daAuts
     D:9: 260 daAuts
